 Dungeon Crawl Stone Soup version bcrawl-1.21 (webtiles) character file.

Game seed: 9944676150356438187

1509 Mrkan the Grappler (level 8, -3/83 HPs)
             Began as a Troll Fighter on Feb 11, 2020.
             Was a Believer of Makhleb.
             Slain by a sun demon (12 damage)
             ... summoned by a kobold demonologist
             ... on level 6 of the Dungeon.
             The game lasted 00:06:11 (4286 turns).

Mrkan the Grappler (Troll Fighter)                  Turns: 4286, Time: 00:06:12

Health: -3/83      AC:  8    Str: 26    XL:     8   Next: 53%
Magic:  7/7        EV:  8    Int:  7    God:    Makhleb [**....]
Gold:   420        SH:  9    Dex: 10    Spells: 7/7 levels left

rFire    . . .     SeeInvis .     - Unarmed
rCold    . . .     Gourm    +   a - +0 shield
rNeg     . . .     Faith    .   (armour unavailable)
rPois    +         Spirit   .   (helmet restricted)
rElec    .         Reflect  .   y - +0 cloak {rPois}
rCorr    .         Harm     .   (gloves unavailable)
MR       .....                  (boots unavailable)
Stlth    +.........             (no amulet)
HPRegen  0.63/turn              d - +2 ring of intelligence
MPRegen  0.10/turn              (no ring)

@: no status effects
A: large, almost no armour, unfitting armour, claws 3, fast metabolism 3,
gourmand, regeneration 1, AC +7
a: Minor Destruction, Renounce Religion


You were on level 6 of the Dungeon.
You worshipped Makhleb.
Makhleb was pleased with you.
You were very full.

You visited 1 branch of the dungeon, and saw 6 of its levels.
You also visited: Sewer.

You collected 420 gold pieces.

Inventory:

Armour
 a - a +0 shield (worn)
 y - a +0 cloak of poison resistance (worn)
Jewellery
 d - a +2 ring of intelligence (left claw)
Wands
 w - a wand of polymorph (10)
Scrolls
 f - a scroll of noise {unknown}
 h - 8 scrolls of identify {unknown}
 i - 3 scrolls of remove curse {unknown}
 k - a scroll of enchant weapon {unknown}
 p - 2 scrolls of fear {unknown}
 r - 2 scrolls of immolation {unknown}
 s - a scroll of magic mapping {unknown}
 t - 2 scrolls of teleportation {unknown}
 v - a scroll of blinking {unknown}
Potions
 b - a potion of might
 c - 2 potions of heal wounds {unknown}
 g - 2 potions of cancellation {unknown}
 j - 5 potions of curing {unknown}
 l - 2 potions of degeneration {unknown}
 m - 5 potions of agility {unknown}
 n - a potion of haste {unknown}
 o - a potion of lignification {unknown}
 q - a potion of berserk rage {unknown}
 u - a potion of flight {unknown}
Comestibles
 e - 17 rations {!d}


   Skills:
 + Level 5.7 Fighting
 - Level 2.4 Dodging
 * Level 2.8 Shields
 - Level 8.4 Unarmed Combat


You had 7 spell levels left.
You didn't know any spells.
Your spell library was empty.

Dungeon Overview and Level Annotations

Branches:
Dungeon (6/12)
 Temple: D:4-7

Altars:
Ashenzari
Cheibriados
Lugonu
Makhleb
Nemelex Xobeh
Okawaru
Uskayaw

Annotations:
D:3 2 transporters, yrara's ghost, amateur GrFi


Innate Abilities, Weirdness & Mutations

You cannot wear most types of armour.
Your thick skin is tough. (AC +7)
You are too large for most types of armour.
You have claws for hands.
Your metabolism is lightning-fast.
You like to eat raw meat.
Your natural rate of healing is unusually fast.


Message History

The sun demon hits you.
You are engulfed in flames!
You claw the sun demon!
The sun demon is lightly wounded.
The sun demon hits you.
You are engulfed in flames!
You block the kobold demonologist's attack.
Your shield prevents you from hitting the sun demon.
The sun demon is lightly wounded.
You block the sun demon's attack.
You block the kobold demonologist's attack.
You closely miss the sun demon.
The sun demon is lightly wounded.
The sun demon hits you!!
You are engulfed in flames!
* * * LOW HITPOINT WARNING * * *
The kobold demonologist hits you but does no damage.
You claw the sun demon!
The sun demon is moderately wounded.
The sun demon hits you!
* * * LOW HITPOINT WARNING * * *
You are engulfed in flames!
You die...

#.............
#.........##
####.....<...#
#............#
#.#######.####
# #.# #.#
#.#######
#@.......
8_.....K3".....
......#.......<
....#..........
### # ##..##..#
#.. ... ... ..
..##


You could see a sun demon and a kobold demonologist.

Vanquished Creatures
  Grinder (D:3)
  A sky beast (D:5)
  An ogre (D:6)
  2 bullfrogs (Sewer)
  2 scorpions
  A water moccasin skeleton (D:5)
  2 crimson imps
  A centaur zombie (D:5)
  Crazy Yiuf (D:5)
  2 hounds
  2 orc priests (D:5)
  An orc wizard (D:5)
  2 bullfrog skeletons
  Ijyb (D:5)
  An iguana (D:3)
  2 worker ants
  A hound skeleton (D:4)
  4 gnolls (D:2)
  16 adders
  2 river rats (D:4)
  14 oozes (Sewer)
  3 worms
  4 dart slugs
  14 leopard geckos
  An orc (D:5)
  5 bats
  16 giant cockroaches
  11 hobgoblins
  5 kobolds
  A quokka (D:2)
  9 ball pythons
  13 frilled lizards
  8 goblins
  A quokka skeleton (D:4)
  12 rats
163 creatures vanquished.

Notes
Turn   | Place    | Note
-------+----------+-------------------------------------------
     0 | D:1      | Mrkan the Troll Fighter began the quest for the Orb.
     0 | D:1      | Reached XP level 1. HP: 22/22 MP: 0/0
   184 | D:1      | Reached XP level 2. HP: 21/29 MP: 1/1
   869 | D:2      | Noticed a +0 dagger
   869 | D:2      | Noticed a +0 hand axe
   886 | D:2      | Found a hide-covered altar of Uskayaw.
   963 | D:2      | Reached skill level 3 in Unarmed Combat
  1045 | D:2      | Reached XP level 3. HP: 36/36 MP: 2/2
  1476 | D:2      | Gained mutation: Your natural rate of healing is unusually
                  | fast. [Troll growth]
  1476 | D:2      | Reached XP level 4. HP: 36/45 MP: 3/3
  1486 | D:2      | Reached skill level 4 in Unarmed Combat
  1776 | D:3      | Found a shattered altar of Ashenzari.
  1807 | D:3      | Reached XP level 5. HP: 50/53 MP: 4/4
  1818 | D:3      | Noticed Grinder
  1819 | D:3      | Paralysed by Grinder for 2 turns
  1828 | D:3      | Paralysed by Grinder for 2 turns
  1843 | D:3      | Paralysed by Grinder for 2 turns
  1848 | D:3      | Paralysed by Grinder for 2 turns
  1854 | D:3      | Killed Grinder
  1854 | D:3      | Reached skill level 5 in Unarmed Combat
  1854 | D:3      | Reached XP level 6. HP: 41/62 MP: 5/5
  1942 | D:3      | Found a transporter.
  1942 | D:3      | Found a transporter.
  1991 | D:3      | Identified the cursed +1 halberd of Somewhere Else {pain,
                  | rC+ MR+ Dex+4}
  2006 | D:3      | Noticed yrara's ghost (amateur GrFi)
  2019 | D:3      | Found an iron altar of Okawaru.
  2076 | D:3      | Reached skill level 6 in Unarmed Combat
  2265 | D:3      | Found a burning altar of Makhleb.
  2266 | D:3      | Found a snail-covered altar of Cheibriados.
  2270 | D:3      | Became a worshipper of Makhleb the Destroyer
  2395 | D:4      | Reached XP level 7. HP: 69/70 MP: 6/6
  2743 | D:4      | Found a corrupted altar of Lugonu.
  2972 | D:4      | Found a glowing drain.
  2977 | Sewer    | Entered a sewer
  3049 | Sewer    | Reached * piety under Makhleb
  3109 | Sewer    | Reached skill level 7 in Unarmed Combat
  3252 | Sewer    | Reached ** piety under Makhleb
  3478 | D:4      | Reached skill level 5 in Fighting
  3600 | D:5      | Entered Level 5 of the Dungeon
  3608 | D:5      | Reached XP level 8. HP: 80/80 MP: 7/7
  3687 | D:5      | Reached skill level 8 in Unarmed Combat
  3777 | D:5      | Found a runed door.
  4004 | D:5      | Noticed Ijyb
  4012 | D:5      | Killed Ijyb
  4212 | D:5      | Noticed Crazy Yiuf
  4217 | D:5      | Killed Crazy Yiuf
  4273 | D:6      | Noticed a kobold demonologist
  4276 | D:6      | Found a sparkling altar of Nemelex Xobeh.
  4280 | D:6      | Noticed a sun demon
  4286 | D:6      | Slain by a sun demon

Skill      XL: |  1  2  3  4  5  6  7  8 |
---------------+-------------------------+-----
Unarmed Combat | 3 4 5 6 7 8 |  8.4
Fighting       | 3 4 5 |  5.7
Dodging        | |  2.4
Shields        | |  2.8

Action                   |  1- 3 |  4- 6 |  7- 9 || total
-------------------------+-------+-------+-------++-------
Melee: Unarmed           |   101 |   110 |   241 ||   452
 Stab: Sleeping          |       |       |     1 ||     1
  Eat: Chunk             |     6 |    10 |    16 ||    32
Armor: Skin              |    27 |    28 |   151 ||   206
Dodge: Dodged            |    34 |    31 |   114 ||   179
Block: Shield            |    48 |    49 |   147 ||   244
